Map: [ESL] Altitude

Players

IGXY (XY) - Winner!

  • Race: Terran Terran
  • Spawn Location: 7:00

Nanami

  • Race: Protoss Protoss
  • Spawn Location: 1:00

Event: ESL SC2 Masters 2023 Summer (Regionals)

VOD

Have the link to the VOD?

Description

Time

  • Played on: May 13, 2023, 6:14 a.m.
  • Length: 9:24

All games in this series

Show
View Real Time Build Order
Export as new Build Order

IGXY Terran - Winner!

Build Orders:  

Get SALT Encoding   

  12  0:00  SCV  
  13  0:12  SCV  
  14  0:17  Supply Depot  
  14  0:24  SCV  
  15  0:30  Refinery  
  15  0:39  SCV  
  16  0:46  Barracks  
  16  0:51  SCV  
  17  1:03  SCV  
  18  1:15  SCV  
  19  1:20  Engineering Bay  
  19  1:27  SCV  
  20  1:34  Marine  
  20  1:35  Factory  
  21  1:43  Orbital Command  
  21  1:53  Barracks Reactor, Supply Depot  
  21  2:09  SCV  
  22  2:22  Command Center  
  22  2:24  SCV  
  23  2:32  Starport  
  23  2:40  Supply Depot  
  23  2:46  Hellion  
  23  2:48  Hellion  
  23  2:51  SCV  
  28  2:58  Refinery  
  28  3:03  SCV  
  29  3:09  Hellion x2  
  33  3:16  SCV  
  33  3:17  Medivac  
  36  3:28  SCV, Barracks Tech Lab  
  37  3:43  SCV  
  38  3:54  Orbital Command  
  38  3:55  SCV  
  39  3:56  Siege Tank  
  39  4:01  Marine x2  
  44  4:07  SCV  
  43  4:19  Marine x2  
  43  4:21  SCV x2  
  47  4:28  Cyclone, Supply Depot  
  47  4:30  Barracks  
  50  4:33  SCV x2  
  50  4:37  Marine x2  
  54  4:41  Supply Depot  
  54  4:49  Barracks, SCV x2  
  56  4:55  Marine x2  
  56  4:57  Viking  
  58  5:01  SCV, Cyclone  
  58  5:02  SCV  
  63  5:09  Supply Depot  
  63  5:13  SCV  
  64  5:14  SCV  
  64  5:17  Marine  
  64  5:18  Marine  
  64  5:20  Barracks Tech Lab  
  67  5:24  Engineering Bay  
  67  5:25  SCV  
  67  5:26  SCV  
  66  5:43  Supply Depot  
  66  5:44  Liberator  
  66  5:46  Stimpack  
  69  5:50  SCV x2  
  69  5:52  Factory Tech Lab  
  69  5:53  Refinery  
  69  5:54  Combat Shield  
  69  5:56  Marine x2  
  73  6:02  SCV  
  73  6:03  Marine  
  73  6:05  Marine  
  73  6:06  SCV  
  73  6:13  Marine  
  73  6:14  Marine  
  73  6:15  SCV  
  74  6:18  SCV  
  74  6:19  Siege Tank  
  74  6:21  Marine  
  74  6:23  Refinery  
  79  6:26  Supply Depot  
  79  6:27  SCV  
  79  6:30  SCV, Starport Reactor  
  81  6:35  Supply Depot  
  81  6:38  Marauder, Marine x2  
  81  6:39  SCV  
  86  6:46  Terran Infantry Weapons Level 1  
  86  6:48  Marauder  
  86  6:50  Supply Depot  
  89  6:56  Marine x2  
  89  7:00  Marauder  
  92  7:06  Siege Tank  
  95  7:10  SCV, Marauder  
  95  7:14  Marine x2  
  100  7:16  Medivac, Supply Depot  
  102  7:24  Marauder  
  104  7:30  Command Center, Supply Depot  
  104  7:31  Marauder  
  104  7:32  Marine, SCV  
  104  7:33  SCV  
  109  7:38  Medivac  
  111  7:53  Marauder x2  
  115  8:05  Marine  
  110  8:06  Siege Tank  
  110  8:07  SCV x2  
  112  8:14  Marauder x2  
  112  8:16  Marine  
  112  8:19  SCV  
  113  8:20  SCV  
  113  8:26  Barracks, Marine  
  105  8:34  Marine  
  89  8:35  Marauder  
  89  8:36  Marauder, Medivac x2  
  89  8:37  SCV  
  91  8:43  SCV  
  90  8:48  Orbital Command  
  90  8:50  SCV  
  95  9:02  SCV  
  91  9:08  SCV  
Show
View Real Time Build Order
Export as new Build Order

Nanami Protoss 

Build Orders: Oracle Opening, Phoenix Opening 

Get SALT Encoding   

  12  0:00  Probe  
  13  0:12  Probe  
  14  0:17  Pylon  
  14  0:24  Probe  
  15  0:37  Probe (Chrono Boost), Gateway  
  16  0:46  Probe (Chrono Boost)  
  16  0:47  Assimilator  
  17  0:51  Probe (Chrono Boost)  
  18  1:03  Probe  
  19  1:15  Probe  
  20  1:24  Cybernetics Core  
  20  1:27  Probe  
  21  1:35  Pylon  
  21  1:47  Nexus  
  21  1:53  Assimilator  
  21  1:57  Adept (Chrono Boost)  
  23  2:03  Probe  
  24  2:15  Probe  
  25  2:17  Adept (Chrono Boost)  
  27  2:27  Probe  
  27  2:29  Stargate  
  28  2:37  Warp Gate  
  28  2:39  Probe  
  28  2:42  Adept  
  31  2:58  Probe  
  31  2:59  Probe  
  33  3:11  Probe x2, Oracle (Chrono Boost)  
  38  3:23  Probe x2  
  38  3:24  Gateway  
  40  3:31  Twilight Council  
  40  3:34  Gateway  
  40  3:35  Probe x2  
  42  3:43  Pylon  
  42  3:47  Probe  
  43  3:49  Probe  
  43  3:50  Assimilator  
  43  3:55  Phoenix  
  46  4:01  Probe x2  
  48  4:13  Probe x2  
  42  4:25  Probe x2  
  42  4:29  Stalker x3  
  50  4:37  Probe (Chrono Boost)  
  52  4:38  Probe (Chrono Boost)  
  52  4:47  Pylon  
  52  4:49  Probe (Chrono Boost)  
  54  4:55  Probe (Chrono Boost)  
  54  4:59  Nexus  
  54  5:03  Probe  
  54  5:05  Probe (Chrono Boost)  
  56  5:15  Probe (Chrono Boost)  
  58  5:23  Probe (Chrono Boost)  
  58  5:25  Probe (Chrono Boost)  
  59  5:29  Stalker  
  59  5:30  Probe (Chrono Boost)  
  59  5:32  Robotics Facility  
  62  5:35  Probe  
  62  5:39  Blink (Chrono Boost), Stalker  
  62  5:40  Stalker  
  62  5:43  Pylon  
  62  5:50  Gateway  
  62  5:58  Shield Battery  
  62  6:01  Probe  
  62  6:02  Shield Battery  
  62  6:03  Stalker  
  62  6:04  Stalker x2  
  61  6:19  Shield Battery  
  61  6:22  Probe, Immortal  
  61  6:23  Probe  
  61  6:24  Probe  
  68  6:28  Shield Battery  
  68  6:31  Stalker  
  70  6:35  Probe x2 (Chrono Boost)  
  73  6:41  Probe (Chrono Boost)  
  73  6:44  Robotics Bay  
  73  6:46  Probe x2 (Chrono Boost)  
  75  6:50  Probe (Chrono Boost)  
  75  6:51  Probe x2 (Chrono Boost)  
  80  7:01  Observer  
  80  7:05  Pylon, Gateway  
  80  7:06  Sentry  
  80  7:07  Gateway  
  82  7:08  Stalker  
  82  7:11  Stalker  
  85  7:16  Pylon  
  85  7:23  Probe x2, Pylon  
  85  7:25  Gateway  
  85  7:26  Gateway  
  85  7:27  Colossus (Chrono Boost)  
  85  7:28  Pylon  
  88  7:32  Extended Thermal Lance  
  93  7:37  Charge  
  93  7:41  Zealot x3  
  98  7:50  Stalker  
  100  7:54  Pylon  
  99  8:18  Pylon  
  99  8:24  Pylon  
  82  8:35  Stalker x2  
  82  8:37  Zealot x5  
  84  8:45  Pylon  
  83  8:50  Zealot  
  83  8:51  Pylon  
  83  9:00  Zealot x6  
  82  9:10  Nexus  
Tags
 
Add a new tag
Caveats
  • Supply blocks, unpowered buildings, or Contaminate may cause inaccurate times.
  • Supply counts are checked every 10 seconds.